 Dungeon Crawl Stone Soup version 0.16-a0-3420-gb95a3aa (webtiles) character file.

39 4tharraofdagon the Vexing (level 3, -2/18 HPs)
             Began as a Vine Stalker Arcane Marksman on Dec 31, 2014.
             Slain by an adder (3 damage)
             ... on level 2 of the Dungeon.
             The game lasted 00:06:39 (765 turns).

4tharraofdagon the Vexing (VSAM)                     Turns: 765, Time: 00:06:39

Health: -2/18      AC:  3    Str: 19    XL:     3   Next: 45%
Magic:  0/5        EV: 12    Int: 13    God:
Gold:   31         SH:  0    Dex: 13    Spells: 1 memorised, 3 levels left

rFire  . . .     SeeInvis .       - Unarmed
rCold  . . .     Clarity  .     a - +0 robe
rNeg   . . .     SustAb   +     (no shield)
rPois  .         Gourm    .     (no helmet)
rElec  .         Spirit   +     o - +0 cloak
rCorr  .         Warding  .     (no gloves)
rMut   .         Stasis   .     (no boots)
MR     .....                    (no amulet)
Stlth  +.........               k - ring of sustain abilities
                                (no ring)

@: mighty, lethally poisoned, not resistant to hostile enchantments, very
unstealthy
A: fangs 2, regeneration 1, magic shield, antimagic bite, no device heal 3, rot
immunity
a: no special abilities


You were on level 2 of the Dungeon.
You were not hungry.

You visited 1 branch of the dungeon, and saw 2 of its levels.

You collected 31 gold pieces.

Inventory:

Missiles
 b - 5 javelins (quivered)
 c - 2 throwing nets
Armour
 a - a +0 robe (worn)
 o - a +0 cloak (worn)
Jewellery
 e - an uncursed ring of fire
 k - a ring of sustain abilities (right hand)
 q - an uncursed amulet of stasis
Scrolls
 g - a scroll of enchant weapon {unknown}
 h - a scroll of teleportation {unknown}
 l - 2 scrolls of fear {unknown}
 m - a scroll of amnesia {unknown}
 n - a scroll of fog {unknown}
 p - a scroll of identify {unknown}
Potions
 j - a potion of might
Books
 d - a book of Debilitation

   Spells                             Type                      Level
   a - Corona                         Hexes                        1
   b - Slow                           Hexes                        2
   c - Inner Flame                    Hexes/Fire                   3
   d - Enslavement                    Hexes                        4
   e - Cause Fear                     Hexes                        4
   f - Leda's Liquefaction            Hexes/Earth                  4
Comestibles
 f - a bread ration
 i - 6 fruits


   Skills:
 + Level 1.2 Fighting
 - Level 1.8 Throwing
 + Level 2.2 Dodging
 * Level 1.0 Unarmed Combat
 - Level 1.1 Spellcasting
 - Level 3.4 Hexes


You had 3 spell levels left.
You knew the following spells:

 Your Spells              Type           Power        Failure   Level  Hunger
a - Corona                Hex            #......      10%         1    ##.....


Dungeon Overview and Level Annotations

Branches:
Dungeon (2/15)

Altars:


Innate Abilities, Weirdness & Mutations

You have extremely sharp teeth.
Your natural rate of healing is unusually fast.
When hurt, damage is shared between your health and your magic reserves.
Your bite disrupts and absorbs the magic of your enemies.
Potions and wands cannot restore your health.
You are immune to rotting.


Message History

The adder poisons you!
You hit the adder but do no damage. Your bite misses the adder.
The adder is moderately wounded.
* * * LOW HITPOINT WARNING * * *
You feel sick. The adder bites you.
* * * LOW HITPOINT WARNING * * *
Unknown command.
Drink which item? (? for menu, Esc to quit)
It was a potion of might.
You feel very mighty all of a sudden.
* * * LOW HITPOINT WARNING * * *
You feel sick. The adder bites you.
You are more poisoned.
The adder poisons you!
Unknown command.
You hit the adder. Your bite misses the adder.
The adder is severely wounded.
* * * LOW HITPOINT WARNING * * *
You feel sick. The adder barely misses you. The adder bites you.
You die...

#)..##...####
##..####.[>.## ###.#
####..## .....#
##..### # .....
#####...####..
#...#..#.<...........
..................#.(
#.#.#######.....###
#...@.# ##...##
#####S######...# ###
######w...[.....## #..
#...........w....# #..
......#.####.....# #..
##......# #....w###.<
......... ...........
##......####.....###.w
......... .........#..


You could see a worm and an adder.

Vanquished Creatures
  A giant mite (D:1)
  A giant gecko (D:1)
  A bat (D:1)
  A giant cockroach (D:2)
  4 hobgoblins (D:1)
  4 jackals (D:1)
  6 kobolds (D:1)
  2 ball pythons
  2 giant newts (D:2)
  3 goblins
  A quokka (D:2)
  7 rats
33 creatures vanquished.

Notes
Turn   | Place    | Note
--------------------------------------------------------------
     0 | D:1      | 4tharraofdagon, the Vine Stalker Arcane Marksman, began the quest for the Orb.
     0 | D:1      | Reached XP level 1. HP: 9/9 MP: 2/2
   107 | D:1      | Reached skill level 1 in Fighting
   117 | D:1      | Reached XP level 2. HP: 7/14 MP: 4/4
   402 | D:1      | Reached XP level 3. HP: 12/18 MP: 3/5
   613 | D:1      | Reached skill level 1 in Unarmed Combat
   765 | D:2      | Slain by an adder

Action                   || total
-------------------------++-------
Melee: Unarmed           ||   182
 Cast: Corona            ||     1
  Use: Potion            ||     2

Vault maps used:
D:1:      dpeg_arrival_refuge
D:2:      first_bread, mrwooster_statue_mirror
